 Dungeon Crawl Stone Soup version 0.28-a0-984-g3775c662fe (webtiles) character file.

Game seed: 4223989701959648144

1 oldriver the Conjurer (level 1, -1/14 HPs)
             Began as a Draconian Conjurer on Dec 4, 2021.
             Frozen to death by an endoplasm (4 damage)
             ... on level 1 of the Dungeon.
             The game lasted 00:00:16 (116 turns).

oldriver the Conjurer (Draconian Conjurer)           Turns: 116, Time: 00:00:16

Health: -1/14      AC:  4    Str:  9    XL:     1   Next: 16%
Magic:  0/3        EV: 12    Int: 18    God:
Gold:   2          SH:  0    Dex:  9    Spells: 3/4 levels left

rFire   . . .      SeeInvis .   (no weapon)
rCold   . . .      Faith    .   (no shield)
rNeg    . . .      Spirit   .   (armour unavailable)
rPois   .          Reflect  .   (helmet restricted)
rElec   .          Harm     .   (no cloak)
rCorr   .          Rampage  .   (no gloves)
Will    .....                   (no boots)
Stlth   ++........              (no amulet)
HPRegen 0.04/turn               (no ring)
MPRegen 0.08/turn               (no ring)

@: no status effects
A: AC +4, unfitting armour, cold-blooded
a: no special abilities


You were on level 1 of the Dungeon.
You visited 1 branch of the dungeon, and saw 1 of its levels.

You collected 2 gold pieces.

Inventory:

Potions
 a - a potion of degeneration {unknown}


   Skills:
 + Level 1.8 Dodging
 + Level 1.8 Stealth
 * Level 2.0 Spellcasting
 - Level 4.0 Conjurations


You had 3 spell levels left.
You knew the following spells:

 Your Spells              Type           Power      Damage    Failure   Level
a - Magic Dart            Conj           64%        1d6       3%          1

Your spell library contained the following spells:

 Spells                   Type           Power      Damage    Failure   Level
 Searing Ray              Conj           32%        2d5       5%          2
 Dazzling Flash           Conj/Hex       18%        N/A       24%         3
 Fulminant Prism          Conj/Hex       4%         3d6       61%         4
 Iskenderun's Mystic Bla  Conj/Tloc      9%         2d4       61%         4


Dungeon Overview and Level Annotations

Branches:
Dungeon (1/15)

Altars:


Innate Abilities, Weirdness & Mutations

Your plain brown scales are hard. (AC +4)
You cannot fit into any form of body armour.
You are cold-blooded and may be slowed by cold attacks.


Message History

The endoplasm jiggles.
The magic dart hits the endoplasm but does no damage.
The endoplasm is heavily wounded.
The endoplasm hits you.
The giant cockroach waves its antennae.
You are too depleted to draw on your mana recklessly!
You are too depleted to draw on your mana recklessly!
The endoplasm jiggles.
The endoplasm misses you.
A hobgoblin comes into view.
The hobgoblin shouts!
You hit the endoplasm but do no damage.
The endoplasm is heavily wounded.
The endoplasm barely misses you.
You hit the endoplasm but do no damage.
The endoplasm is heavily wounded.
The endoplasm hits you but does no damage.
The magic dart hits the endoplasm.
The endoplasm is severely wounded.
The endoplasm misses you.
You are too depleted to draw on your mana recklessly!
You are too depleted to draw on your mana recklessly!
The hobgoblin barely misses you.
You closely miss the hobgoblin.
The endoplasm hits you but does no damage.
The hobgoblin hits you.
You hit the hobgoblin.
The hobgoblin is moderately wounded.
The hobgoblin hits you. The endoplasm barely misses you.
You hit the hobgoblin.
The hobgoblin is severely wounded.
The hobgoblin hits you.
* * * LOW HITPOINT WARNING * * *
The endoplasm hits you but does no damage.
You closely miss the hobgoblin.
The hobgoblin is severely wounded.
The hobgoblin barely misses you. The endoplasm freezes you.
You are frozen.
You die...

#################
......g@JBK.....########
.###########.##..##.....
#≈PP)...[....#.........
#PP≈##.###.....##......
#≈≈P##.# #...#####.....
#.##PP≈# ###.# #.....
#.##P≈P# #.# #.....
#...P≈≈# .# #.....
#.#####≈P≈ .# ####..


You could see an endoplasm, a giant cockroach, a hobgoblin and a kobold.

Vanquished Creatures
  A quokka (D:1)
1 creature vanquished.

Notes
Turn   | Place    | Note
-------+----------+-------------------------------------------
     0 | D:1      | oldriver the Draconian Conjurer began the quest for the
                  | Orb.
     0 | D:1      | Reached XP level 1. HP: 14/14 MP: 3/3
   116 | D:1      | Frozen to death by an endoplasm

Illustrated notes

Levels and vault maps discovered:
D:1:      psy_arrival_conway, layout_basic, serial_shops, shop,
          nicolae_lakefront_shop, nicolae_shop_trees

Action                   || total
-------------------------++-------
Melee: Unarmed           ||     6
 Cast: Magic Dart        ||     8
Armor: Skin              ||     3
Dodge: Dodged            ||     6

Table legend: (Time is in decaauts)
 A = Elapsed time spent in this place.
 B = Non-inter-level travel time spent in this place.
 C = Inter-level travel time spent in this place.
 D = Time resting spent in this place.
 E = Time spent auto-exploring this place.
 F = Levels seen in this place.
 G = Mean time per level.
                   A        B        C        D        E       F      G
               +--------+--------+--------+--------+--------+-----+--------+
         Total |    117 |    117 |      0 |      0 |     72 |   1 |  117.0 |
       Dungeon |    117 |    117 |      0 |      0 |     72 |   1 |  117.0 |
               +--------+--------+--------+--------+--------+-----+--------+

Top non-repeatable levels by time:
     D:1: 117 daAuts
